 Dungeon Crawl Stone Soup version 0.23-a0-299-g9a66eeb (webtiles) character file.

51 Gildeon the Conjurer (level 3, -5/26 HPs)
             Began as a Draconian Conjurer on Oct 6, 2018.
             Slain by a gnoll
             ... wielding a +0 flail
              (13 damage)
             ... on level 2 of the Dungeon.
             The game lasted 00:05:30 (1128 turns).

Gildeon the Conjurer (Draconian Conjurer)           Turns: 1128, Time: 00:05:30

Health: -5/26      AC:  5    Str: 10    XL:     3   Next: 58%
Magic:  1/6        EV: 12    Int: 15    God:
Gold:   105        SH:  0    Dex: 12    Spells: 4/7 levels left

rFire    . . .     SeeInvis .   h - +0 morningstar (vamp)
rCold    . . .     Gourm    .   (no shield)
rNeg     . . .     Faith    .   (armour unavailable)
rPois    .         Spirit   .   (helmet restricted)
rElec    .         Reflect  .   (no cloak)
rCorr    .         Harm     .   (no gloves)
MR       .....                  (no boots)
Stlth    ++........             (no amulet)
HPRegen  0.08/turn              (no ring)
MPRegen  0.10/turn              (no ring)

@: heavily drained
A: unfitting armour, cold-blooded, AC +5
a: no special abilities


You were on level 2 of the Dungeon.
You were not hungry.

You visited 1 branch of the dungeon, and saw 2 of its levels.

You collected 105 gold pieces.

Inventory:

Hand Weapons
 h - a +0 vampiric morningstar (weapon)
Potions
 c - a potion of agility {unknown}
 d - 2 potions of curing
 e - a potion of berserk rage {unknown}
 g - 3 potions of might {unknown}
Comestibles
 a - a chunk of flesh
 b - 3 rations


   Skills:
 + Level 2.3(1.1) Dodging
 + Level 2.4(1.2) Stealth
 + Level 2.5(1.3) Spellcasting
 + Level 4.3(3.0) Conjurations


You had 4 spell levels left.
You knew the following spells:

 Your Spells              Type           Power        Failure   Level  Hunger
a - Magic Dart            Conj           ##..         7%          1    ##.....
b - Searing Ray           Conj           ##....       10%         2    ###....

Your spell library contained the following spells:

 Spells                   Type           Power        Failure   Level  Hunger
 Dazzling Spray           Conj/Hex       #.....       36%         3    ####...
 Iskenderun's Mystic Bla  Conj           ##......     54%         4    #####..
 Force Lance              Conj/Tloc      #.......     77%         4    #####..
 Fulminant Prism          Conj/Hex       #.........   77%         4    #####..


Dungeon Overview and Level Annotations

Branches:
Dungeon (2/15)

Altars:


Innate Abilities, Weirdness & Mutations

Your plain brown scales are hard. (AC +5)
You cannot fit into any form of body armour.
You are cold-blooded and may be slowed by cold attacks.


Message History

The gnoll is heavily wounded.
The gnoll hits you with a whip. The gnoll closely misses you.
Casting: Magic Dart (safe; 8% risk of failure)
Confirm with . or Enter, or press ? or * to list all spells.
Aiming: Magic Dart (safe; 8% risk of failure)
Press: ? - help, Shift-Dir - straight line, f/p - gnoll
Aim: a gnoll, wielding a whip (heavily wounded)
The magic dart hits the gnoll.
The gnoll is severely wounded.
The gnoll hits you with a whip.
The gnoll hits you from afar with a spear.
A gnoll comes into view. It is wielding a flail.
The gnoll shouts!
The gnoll closely misses you.
You hit the gnoll.
You feel better.
You kill the gnoll!
The gnoll hits you from afar with a spear.
The gnoll hits you with a flail!
Ouch! That really hurt!
You die...

#.#.# #.#.# #.#.# ##
#.#.##+##. #.#.#..... #
#.#.#.....
####.##########.#.#.....
#....g)........<..#....#
..##...###@...##....##....#
...+...'.g....''.........)>
..#...###....##.....######
#.#. #....##..........#
###..## #######......)...#
#.....# #####.|....#
#.....# #.......# #.....#
#.....##. #####.#
#..[..##รท


You could see 2 gnolls.

Vanquished Creatures
  A gnoll (D:2)
  2 adders (D:2)
  A dart slug (D:2)
  4 bats
  3 goblins
  3 hobgoblins (D:2)
  4 kobolds (D:2)
  4 rats
  A toadstool (D:1)
23 creatures vanquished.

Vanquished Creatures (others)
  3 toadstools (D:1)
3 creatures vanquished.

Grand Total: 26 creatures vanquished

Notes
Turn   | Place    | Note
-------+----------+-------------------------------------------
     0 | D:1      | Gildeon the Draconian Conjurer began the quest for the Orb.
     0 | D:1      | Reached XP level 1. HP: 14/14 MP: 3/3
   435 | D:2      | Reached XP level 2. HP: 19/20 MP: 0/5
   439 | D:2      | Learned a level 2 spell: Searing Ray
   783 | D:2      | Reached XP level 3. HP: 25/26 MP: 0/6
  1128 | D:2      | Slain by a gnoll

Vault maps used:
D:1:      ldierk_water_garden
D:2:      minmay_kobold_bridge

Skill      XL: |  1 |
---------------+----+-----
Stealth        | 2 |  2.4
Dodging        | 2 |  2.3
Spellcasting   | |  2.5
Conjurations   | |  4.3

Action                   || total
-------------------------++-------
Melee: Spear             ||    10
       Unarmed           ||     4
       Short sword       ||    15
       Tailslap          ||     5
       Morningstar       ||    14
 Cast: Magic Dart        ||    28
  Use: Scroll            ||     2
 Stab: Sleeping          ||     2
  Eat: Ration            ||     2
Armor: Skin              ||    11
Dodge: Dodged            ||    21

Table legend:
 A = Non-vault XP
 B = Vault XP
 C = Vault XP percentage of total XP
 D = Non-vault monster count
 E = Vault monster count
 F = Vault count percentage of total count
                 A         B        C        D         E       F
            +---------+---------+-------+---------+---------+-------
      Total |      69 |       5 |   6.8 |      19 |       3 |  13.6
            +---------+---------+-------+---------+---------+-------
        D:1 |       9 |       0 |   0.0 |       6 |       0 |   0.0
        D:2 |      60 |       5 |   7.7 |      13 |       3 |  18.8
            +---------+---------+-------+---------+---------+-------
